 Dungeon Crawl Stone Soup version 0.30-a0-1066-g63dfefce0d (webtiles) character file.

Game seed: 15013831990639631298

63 hwolsky the Stinger (level 3, -1/26 HPs)
             Began as a Draconian Venom Mage on Apr 12, 2023.
             Slain by an adder (3 damage)
             ... on level 2 of the Dungeon.
             The game lasted 00:09:07 (1044 turns).

hwolsky the Stinger (Draconian Venom Mage)          Turns: 1044, Time: 00:09:08

Health: -1/26      AC:  5    Str: 10    XL:     3   Next: 89%
Magic:  6/6        EV: 12    Int: 17    God:
Gold:   53         SH:  0    Dex: 11    Spells: 4/7 levels left

rFire   . . .      SeeInvis .    d - +1 executioner's axe (heavy)
rCold   . . .      Faith    .    (shield currently unavailable)
rNeg    . . .      Spirit   .    (body armour unavailable)
rPois   .          Reflect  .    (helmet restricted)
rElec   .          Rampage  .    (no cloak)
rCorr   .                        (no gloves)
Will    .....                    (no boots)
Stlth   ++                       (no amulet)
HPRegen 0.24/turn                b - ring of flight
MPRegen 0.10/turn                (no ring)

@: lethally poisoned (-1 -> -4), flying
A: AC +5, unfitting armour, cold-blooded
a: no special abilities


You were on level 2 of the Dungeon.
You visited 1 branch of the dungeon, and saw 2 of its levels.

You collected 53 gold pieces.

Inventory:

Hand Weapons
 c - a +0 whip
 d - a +1 heavy executioner's axe (weapon)
 g - a +1 dagger of venom
Missiles
 f - 5 silver boomerangs
Jewellery
 b - a ring of flight (left hand)
 e - an amulet of reflection
Potions
 a - a potion of magic


   Skills:
 * Level 0.0 Axes
 + Level 2.1 Dodging
 * Level 2.5 Stealth
 * Level 2.6 Spellcasting
 + Level 1.4 Transmutations
 * Level 3.5 Poison Magic


You had 4 spell levels left.
You knew the following spells:

 Your Spells              Type           Power      Damage    Failure   Level
a - Sting                 Tmut/Pois      40%        1d5       7%          1
b - Poisonous Vapours     Pois/Air       16%        N/A       13%         2

Your spell library contained the following spells:

 Spells                   Type           Power      Damage    Failure   Level
 Mephitic Cloud           Conj/Pois/Air  6%         N/A       32%         3
 Olgreb's Toxic Radiance  Pois           14%        N/A       38%         4
 Alistair's Intoxication  Tmut/Pois      6%         N/A       88%         5
 Borgnjor's Vile Clutch   Necr/Erth      1%         N/A       99%         5
 Eringya's Noxious Bog    Tmut/Pois      5%         N/A       100%        6


Dungeon Overview and Level Annotations

Branches:
Dungeon (2/15)

Altars:

Shops:
D:2 (

Annotations:
D:2 Sigmund


Innate Abilities, Weirdness & Mutations

Your plain brown scales are hard. (AC +5)
You cannot fit into any form of body armour.
You are cold-blooded and may be slowed by cold attacks.


Message History

You pick up Great Wizards, Vol.
II and begin reading...
You add the spells Alistair's Intoxication, Borgnjor's Vile Clutch and Eringya's Noxious Bog to your library.
Something appears at your feet!
Your +1 dagger of venom stops dripping with poison.
d - a +1 heavy executioner's axe (weapon)
A worm comes into view.
Found a leather armour.
You hit the worm.
The worm is lightly wounded.
The worm completely misses you. The worm bites you.
You slice the worm!!
You kill the worm!
Found 5 silver boomerangs.
Found a leather armour.
Sigmund the Dreaded comes into view.
He is wielding a +0 scythe.
Sigmund shouts!
Sigmund casts a spell at you. The puff of flame hits you.
An adder comes into view.
Sigmund points at you and mumbles some strange words.
The puff of flame hits you.
The adder hisses angrily.
You see here 5 silver boomerangs.
f - 5 silver boomerangs Sigmund gestures at you while chanting.
The puff of flame hits you!
You barely miss the adder. The adder bites you but does no damage.
The adder bites you.
You are poisoned.
The adder poisons you! The adder barely misses you.
Sigmund points at you and mumbles some strange words.
The magic dart hits you.
* * * LOW HITPOINT WARNING * * *
The adder closely misses you.
Okay, then.
You closely miss the adder.
* * * LOW HITPOINT WARNING * * *
You feel very sick. The adder bites you but does no damage.
The adder bites you.
You die...

.............#######....
.................<......
..............#...#.....
..................#.....
..............##...##..#
..............#...).#.<.
......@.................
.......S.........∩......
...[.##@....#...........
..... ###.....#....†#...
####. #.....##..†##...
...........†...
...............
............##.
.......†.......
...............
...............


You could see Sigmund and an adder.

Vanquished Creatures
  An iguana (D:2)
  An adder (D:2)
  A worm (D:2)
  2 dart slugs
  An endoplasm (D:1)
  4 giant cockroaches
  A hobgoblin (D:1)
  2 ball pythons (D:1)
  4 bats (D:1)
  2 frilled lizards (D:2)
  2 kobolds (D:1)
  2 rats
23 creatures vanquished.

Notes
Turn   | Place    | Note
-------+----------+-------------------------------------------
     0 | D:1      | hwolsky the Draconian Venom Mage began the quest for the
                  | Orb.
     0 | D:1      | Reached XP level 1. HP: 14/14 MP: 3/3
   380 | D:1      | Reached XP level 2. HP: 19/20 MP: 1/5
   422 | D:1      | Learned a level 2 spell: Poisonous Vapours
   952 | D:2      | Reached XP level 3. HP: 23/26 MP: 2/6
   953 | D:2      | Found Poeg's Weapon Shop.
   969 | D:2      | Identified a scroll of acquirement
   981 | D:2      | Acquired a +1 heavy executioner's axe
  1036 | D:2      | Noticed Sigmund
  1044 | D:2      | Slain by an adder

Illustrated notes

Levels and vault maps discovered:
D:1:      onia_arrival_pyramid, layout_basic
D:2:      layout_rooms, serial_shops, nicolae_shop_bloodbath_and_beyond,
          minmay_crystal_room, minmay_pentomino_r4, uniq_sigmund, uniq_jessica,
          uniq_natasha

Skill      XL: |  1  2 |
---------------+-------+-----
Stealth        | 2 |  2.5
Dodging        | 2 |  2.1
Spellcasting   | |  2.6
Transmutations | |  1.4
Poison Magic   | |  3.5

Action                     || total
---------------------------++-------
  Melee: Whip              ||    14
         Tailslap          ||     4
         Unarmed           ||     3
         Dagger            ||    14
         Executioner's axe ||     4
   Cast: Sting             ||    12
         Poisonous Vapours ||     8
    Use: Scroll            ||     2
 Armour: Skin              ||    22
  Dodge: Dodged            ||    25

Table legend: (Time is in decaauts)
 A = Elapsed time spent in this place.
 B = Non-inter-level travel time spent in this place.
 C = Inter-level travel time spent in this place.
 D = Time resting spent in this place.
 E = Time spent auto-exploring this place.
 F = Levels seen in this place.
 G = Mean time per level.
                   A        B        C        D        E       F      G
               +--------+--------+--------+--------+--------+-----+--------+
         Total |   1053 |   1008 |     45 |     94 |    661 |   2 |  526.5 |
       Dungeon |   1053 |   1008 |     45 |     94 |    661 |   2 |  526.5 |
               +--------+--------+--------+--------+--------+-----+--------+

Top non-repeatable levels by time:
     D:1: 924 daAuts
     D:2: 128 daAuts
